 Dungeon Crawl Stone Soup version 0.31-a0-981-geadf994542 (webtiles) character file.

Game seed: 9276084952938603277

3207 gruber the Grappler (level 9, 0/96 HPs)
             Began as a Troll Shapeshifter on Nov 1, 2023.
             Was the Champion of Uskayaw.
             Slain by a manticore (3 damage)
             ... on level 7 of the Dungeon on Nov 2, 2023.
             The game lasted 00:05:56 (4317 turns).

gruber the Grappler (Troll Shapeshifter)            Turns: 4317, Time: 00:05:57

Health: 0/96       AC:  6    Str: 34    XL:     9   Next: 65%
Magic:  8/8        EV: 10    Int:  6    God:    Uskayaw [******]
Gold:   369        SH:  0    Dex:  9    Spells: 8/8 levels left

rFire   + .          .
                       - Unarmed
rCold   . . .        (no shield)
rNeg    . . .        s - +2 robe {Will+}
rPois   .            (helmet currently unavailable)
rElec   .            (cloak currently unavailable)
rCorr   .            (gloves unavailable)
SInv    .            (boots unavailable)
Will    +....        (no amulet)
Stlth   +            A - +6 ring of strength
HPRegen 1.16/turn    l - ring of protection from fire
MPRegen 0.11/turn

%: no passive effects
@: beast-form, weakened, spiked
A: beast (slay +1), large, unfitting armour, claws 3, regeneration 1, shaggy fur
1, tough skin 1
a: Begin Untransformation, Renounce Religion, Stomp, Line Pass, Grand Finale


You were on level 7 of the Dungeon.
You worshipped Uskayaw.
Uskayaw was noncommittal.
You were a hulking beast.
You visited 2 branches of the dungeon, and saw 8 of its levels.

You collected 369 gold pieces.

Inventory:

Armour
 a - a +0 animal skin
 s - a +2 robe of willpower (worn)
Jewellery
 k - a ring of willpower
 l - a ring of protection from fire (right claw)
 A - a +6 ring of strength (left claw)
 E - a ring of willpower
Talismans
 c - a beast talisman
 d - a flux talisman
 w - a serpent talisman
Wands
 t - a wand of flame (23)
 x - a wand of digging (4)
 z - a wand of polymorph (12)
Scrolls
 f - 3 scrolls of identify {unknown}
 i - 3 scrolls of vulnerability {unknown}
 n - 2 scrolls of poison {unknown}
 o - a scroll of noise {unknown}
 p - a scroll of blinking {unknown}
 q - a scroll of acquirement {unknown}
 r - a scroll of fear {unknown}
 u - 2 scrolls of teleportation {unknown}
 y - a scroll of enchant weapon {unknown}
 C - a scroll of butterflies {unknown}
 G - a scroll of fog {unknown}
Potions
 b - a potion of lignification
 e - a potion of heal wounds {unknown}
 g - 3 potions of curing {unknown}
 h - 2 potions of attraction {unknown}
 j - 2 potions of brilliance {unknown}
 m - a potion of might {unknown}
 v - 2 potions of resistance {unknown}
 B - a potion of invisibility {unknown}
 D - a potion of mutation {unknown}
 F - a potion of magic {unknown}


   Skills:
 - Level 8.1 Fighting
 * Level 2.1 Dodging
 - Level 10.0 Unarmed Combat
 - Level 3.0 Shapeshifting


You had 8 spell levels left.
You didn't know any spells.
Your spell library was empty.

Dungeon Overview and Level Annotations

Branches:
Dungeon (7/15)             Temple (1/1) D:6

Altars:
Ashenzari
Cheibriados
Dithmenos
Elyvilon
Fedhas
Gozag
Hepliaklqana
Makhleb
Nemelex Xobeh
Okawaru
Ru
Sif Muna
Trog
Uskayaw
Vehumet
Wu Jian
Xom
Yredelemnul
Zin
The Shining One


Innate Abilities, Weirdness & Mutations

You are a hulking beast.
Your limbs bulge with bestial killing power. (Slay +1)
You are too large for most types of armour.
You have claws for hands.
Your natural rate of healing is unusually fast.
You are covered in fur. (AC +1)
You have tough skin. (AC +1)


Message History

The barbed spikes become lodged in your body.
You swing at nothing.
You swing at nothing.
The manticore flicks its tail.
The volley of spikes hits you!
The barbed spikes become lodged in your body.
You swing at nothing.
The manticore flicks its tail.
The volley of spikes hits you.
The barbed spikes become lodged in your body.
Uskayaw prepares the audience for your solo!
The barbed spikes dig painfully into your body as you move.
The kobold brigand is no longer paralysed.
The manticore is no longer paralysed.
The manticore bites you!
* * * LOW HITPOINT WARNING * * *
The manticore claws you.
* * * LOW HITPOINT WARNING * * *
The manticore claws you!
* * * LOW HITPOINT WARNING * * *
A sky beast appears from thin air!
Reactivating autopickup.
Items here: )) [ ††††††††.
Unknown command.
Unknown command.
Unknown command.
Okay, then.
You claw the manticore!
The manticore is moderately wounded.
The hound is no longer paralysed.
The manticore bites you.
* * * LOW HITPOINT WARNING * * *
The manticore barely misses you.
The manticore claws you but does no damage.
Unknown command.
You claw the manticore!
The manticore is severely wounded.
The gnoll bouda gazes fiercely through you!
You feel your attacks grow feeble.
The manticore bites you but does no damage.
The manticore claws you.
You die...

#######..###.#..
.♣♣♣♣♣♣
#.........
♣....PP
#..##..>..
#..P~P #
#..###.#..
#..PP.
#.♣♣♣.#.........
.....
♣...♣#...##.#..
...
#♣...♣#...##.#..
#.♣#.♣
♣)#.........
♣h..♣
♣)....##.#.
#H♣#.♣♣♣†#...# #


KhY #♣...♣#...# ...go #♣...♣#...# #..... #.♣♣♣.#...# #..P~P #.♣ ♣.#.... ♣....PP
#.♣♣♣.#..### .♣♣♣♣♣♣ #♣...♣#... ##### You could see a manticore, an orc warrior,
a sky beast, a kobold brigand, a gnoll bouda and a hound.

Vanquished Creatures
  An ugly thing (D:7)
  A manticore (D:7)
  A wraith (D:7)
  A yak (D:7)
  A steam dragon (D:6)
  Menkaure (D:6)
  A water moccasin (D:7)
  A sky beast (D:7)
  4 ogres
  2 bullfrogs (D:7)
  3 scorpions
  2 howler monkeys (D:7)
  4 orc priests
  2 hounds
  4 jellies
  2 sleepcaps (D:5)
  Jessica (D:3)
  7 iguanas
  6 orc wizards
  12 adders
  5 gnolls
  2 worms (D:2)
  3 dart slugs
  20 orcs
  5 ball pythons
  3 bats (D:1)
  2 endoplasms
  5 giant cockroaches
  5 goblins
  10 hobgoblins
  10 jackals
  6 kobolds
  3 quokkas
  7 frilled lizards
  2 rats
145 creatures vanquished.

Notes
Turn   | Place    | Note
-------+----------+-------------------------------------------
     0 | D:1      | gruber the Troll Shapeshifter began the quest for the Orb.
     0 | D:1      | Reached XP level 1. HP: 18/18 MP: 0/0
   114 | D:1      | Reached XP level 2. HP: 26/26 MP: 1/1
   165 | D:1      | Reached skill level 4 in Unarmed Combat
   412 | D:1      | Reached XP level 3. HP: 32/32 MP: 2/2
  1019 | D:2      | Reached XP level 4. HP: 38/40 MP: 3/3
  1030 | D:2      | Reached skill level 5 in Unarmed Combat
  1583 | D:3      | Noticed Jessica
  1590 | D:3      | Killed Jessica
  1591 | D:3      | Reached XP level 5. HP: 46/46 MP: 4/4
  1689 | D:3      | Found a faded altar of an unknown god.
  1876 | D:3      | Found a snail-covered altar of Cheibriados.
  2150 | D:4      | Reached skill level 6 in Unarmed Combat
  2225 | D:4      | Noticed an ogre
  2230 | D:4      | Killed an ogre
  2231 | D:4      | Reached skill level 7 in Unarmed Combat
  2231 | D:4      | Reached XP level 6. HP: 54/54 MP: 5/5
  2764 | D:5      | Entered Level 5 of the Dungeon
  2767 | D:5      | Reached skill level 8 in Unarmed Combat
  2773 | D:5      | Reached XP level 7. HP: 61/61 MP: 6/6
  3230 | D:5      | Reached skill level 9 in Unarmed Combat
  3419 | D:5      | Found an iron altar of Okawaru.
  3426 | D:5      | Found a white marble altar of Elyvilon.
  3629 | D:6      | Noticed Menkaure
  3636 | D:6      | Killed Menkaure
  3637 | D:6      | Reached skill level 10 in Unarmed Combat
  3637 | D:6      | Reached XP level 8. HP: 67/68 MP: 7/7
  3666 | D:6      | Reached skill level 1 in Fighting
  3737 | D:6      | Found a staircase to the Ecumenical Temple.
  3985 | Temple   | Entered the Ecumenical Temple
  4022 | Temple   | Became a worshipper of Uskayaw the Reveller
  4128 | D:7      | Reached * piety under Uskayaw
  4168 | D:7      | Reached ** piety under Uskayaw
  4237 | D:7      | Reached skill level 5 in Fighting
  4239 | D:7      | Reached *** piety under Uskayaw
  4242 | D:7      | Reached **** piety under Uskayaw
  4246 | D:7      | Reached ***** piety under Uskayaw
  4247 | D:7      | Reached XP level 9. HP: 81/89 MP: 8/8
  4271 | D:7      | Noticed a manticore
  4273 | D:7      | Noticed a cyan ugly thing
  4283 | D:7      | Killed a manticore
  4289 | D:7      | Noticed a manticore
  4294 | D:7      | Killed a cyan ugly thing
  4300 | D:7      | Reached ****** piety under Uskayaw
  4315 | D:7      | HP: 3/96 [manticore (8)]
  4317 | D:7      | Slain by a manticore

Illustrated notes

Levels and vault maps discovered:
D:1:      evilmike_arrival_crescent, layout_basic, serial_bayou,
          serial_bayou_ford_a, serial_bayou_shore_a, serial_bayou_crossing,
          serial_bayou_pond_b
D:2:      layout_basic
D:3:      layout_basic, mainiacjoe_overflow_alcove_4,
          nicolae_ecumenical_lake_church, uniq_jessica
D:4:      layout_basic
D:5:      layout_loops_ring, amethyst_overflow_temple_binary
D:6:      layout_rooms, minmay_temple_entry_drinking_statues, uniq_menkaure
D:7:      nzn_winding_woodlands_cross [nzn_winding_woodlands_5x15_zeroes,
          nzn_winding_woodlands_5x15_sawtooth,
          nzn_winding_woodlands_5x15_default,
          nzn_winding_woodlands_5x15_lazy_stream,
          nzn_winding_woodlands_15x15_five_gardens], layout_basic,
          kennysheep_generic_room_3
Temple:   bh_familiar_temple

Skill      XL: |  1  2  3  4  5  6  7  8  9 |
---------------+----------------------------+-----
Unarmed Combat | 4 5 7 8 10 | 10.0
Fighting       | 5 8 |  8.1
Dodging        | 2 |  2.1
Shapeshifting  | |  3.0

Action                     |  1- 3 |  4- 6 |  7- 9 || total
---------------------------+-------+-------+-------++-------
  Melee: Unarmed           |    75 |   117 |   173 ||   365
         Punch             |     1 |     4 |    11 ||    16
   Stab: Paralysed         |       |       |     3 ||     3
         Sleeping          |       |       |     1 ||     1
 Armour: Animal skin       |    49 |    34 |       ||    83
         Robe              |       |    45 |   125 ||   170
  Dodge: Dodged            |    33 |    43 |    52 ||   128

Table legend: (Time is in decaauts)
 A = Elapsed time spent in this place.
 B = Non-inter-level travel time spent in this place.
 C = Inter-level travel time spent in this place.
 D = Time resting spent in this place.
 E = Time spent auto-exploring this place.
 F = Levels seen in this place.
 G = Mean time per level.
                   A        B        C        D        E       F      G
               +--------+--------+--------+--------+--------+-----+--------+
         Total |   4278 |   4058 |    220 |      0 |   3269 |   8 |  534.8 |
       Dungeon |   4205 |   4057 |    148 |      0 |   3269 |   7 |  600.7 |
        Temple |     73 |      1 |     72 |      0 |      0 |   1 |   73.0 |
               +--------+--------+--------+--------+--------+-----+--------+

Top non-repeatable levels by time:
     D:1: 863 daAuts
     D:3: 815 daAuts
     D:5: 709 daAuts
     D:4: 616 daAuts
     D:6: 551 daAuts
     D:2: 447 daAuts
     D:7: 201 daAuts
  Temple: 73 daAuts
